 Dungeon Crawl Stone Soup version 0.22.0-16-gc6d26f6 (webtiles) character file.

82 Lavandula the Chopper (level 4, -1/38 HPs)
             Began as a Centaur Berserker on Aug 17, 2018.
             Was a Believer of Trog.
             Slain by a worker ant (4 damage)
             ... on level 4 of the Dungeon.
             The game lasted 00:05:03 (1243 turns).

Lavandula the Chopper (Centaur Berserker)           Turns: 1243, Time: 00:05:03

Health: -1/38      AC:  5    Str: 21    XL:     4   Next: 21%
Magic:  4/4        EV:  9    Int:  6    God:    Trog [**....]
Gold:   91         SH:  0    Dex:  8    Spells: 3/3 levels left

rFire    . . .     SeeInvis .   a - +0 hand axe
rCold    . . .     Gourm    .   (no shield)
rNeg     . . .     Faith    .   i - +0 ring mail
rPois    .         Spirit   .   (no helmet)
rElec    .         Reflect  .   (no cloak)
rCorr    .         Harm     .   (no gloves)
MR       .....                  (no barding)
Stlth    ..........             l - amulet of regeneration
HPRegen  0.52/turn              (no ring)
MPRegen  0.09/turn              (no ring)

@: confused, lethally poisoned (-1 -> -1), berserk cooldown, slowed, very slow
A: large, hooves 3, deformed body, speed 2, tough skin 3
a: Berserk, Trog's Hand, Renounce Religion


You were on level 4 of the Dungeon.
You worshipped Trog.
Trog was pleased with you.
You were hungry.

You visited 1 branch of the dungeon, and saw 4 of its levels.

You collected 91 gold pieces.

Inventory:

Hand Weapons
 a - a +0 hand axe (weapon)
Armour
 b - a +0 animal skin
 d - a +0 buckler
 i - a +0 ring mail (worn)
Jewellery
 l - an amulet of regeneration (around neck)
Wands
 n - a wand of random effects (15)
Scrolls
 e - 3 scrolls of identify {unknown}
 g - 2 scrolls of fear {unknown}
Potions
 f - 4 potions of flight {unknown}
 h - a potion of berserk rage {unknown}
 j - 2 potions of lignification {unknown}
 k - a potion of resistance {unknown}
Comestibles
 c - 6 rations
 m - a chunk of flesh


   Skills:
 - Level 3.0 Fighting
 + Level 4.6 Axes
 - Level 1.3 Armour
 - Level 1.3 Dodging


You had 3 spell levels left.
You didn't know any spells.
Your spell library contained the following spells:

 Spells                   Type           Power        Failure   Level  Hunger
 Apportation              Tloc           #.....       63%         1    ##.....
 Summon Small Mammal      Summ           #...         63%         1    ##.....
 Animate Skeleton         Necr           N/A          63%         1    ##.....
 Confusing Touch          Hex            #.....       63%         1    ##.....


Dungeon Overview and Level Annotations

Branches:
Dungeon (4/15)
 Temple: D:4-7

Altars:


Innate Abilities, Weirdness & Mutations

You have hooves in place of feet.
Armour fits poorly on your strangely shaped body.
You cover ground very quickly.
You have extremely tough skin. (AC +3)


Message History

You feel a strong urge to attack something.
You feel sick.
The worker ant bites you but does no damage.
The orc wizard hits you but does no damage.
Unknown command.
You closely miss the worker ant. Your kick misses the worker ant.
The worker ant is moderately wounded.
You closely miss something. You hit the orc wizard.
The worker ant bites you but does no damage.
The goblin shoots a stone.
The stone barely misses you.
You hear a splash.
Unknown command.
You're too confused to move!
You are no longer berserk.
You are exhausted.
You feel yourself slow down.
You feel sick. The orc wizard hits you with a dagger.
* * * LOW HITPOINT WARNING * * *
Something hits you but does no damage. The worker ant bites you.
You die...

####++###################
≈≈≈...(.≈≈≈≈≈≈≈≈≈≈≈≈≈≈≈≈≈
≈≈.....)@o≈≈≈≈≈≈≈≈≈≈≈≈≈≈≈
≈≈≈...g(a≈≈≈≈≈≈≈≈≈≈≈≈≈≈≈≈
≈≈≈....≈o.≈≈≈.(≈≈≈≈≈≈.≈..
.....g...(.(.(...........
..........((.............
...
..................>......
..#
....................#####
#.##
.........#....#####.#
...#.#.........#....# #.#


You could see a worker ant, an orc wizard, an orc, a hobgoblin and a goblin.

Vanquished Creatures
  3 adders
  2 worms (D:2)
  A dart slug (D:3)
  A leopard gecko (D:2)
  2 orcs (D:3)
  5 giant cockroaches
  4 goblins
  A hobgoblin (D:3)
  6 jackals (D:1)
  5 kobolds
  2 bats
  6 frilled lizards
  4 rats (D:1)
42 creatures vanquished.

Notes
Turn   | Place    | Note
-------+----------+-------------------------------------------
     0 | D:1      | Lavandula the Centaur Berserker began the quest for the Orb.
     0 | D:1      | Reached XP level 1. HP: 19/19 MP: 1/1
    76 | D:1      | Reached skill level 3 in Axes
   118 | D:1      | Reached XP level 2. HP: 15/26 MP: 2/2
   397 | D:2      | Reached XP level 3. HP: 23/31 MP: 3/3
   418 | D:2      | Reached ** piety under Trog
   542 | D:2      | Reached skill level 4 in Axes
   942 | D:3      | Reached XP level 4. HP: 38/38 MP: 4/4
  1243 | D:4      | Slain by a worker ant

Skill      XL: |  1  2  3 |
---------------+----------+-----
Axes           | 3 4 |  4.6
Fighting       | |  3.0
Armour         | |  1.3
Dodging        | |  1.3

Action                   |  1- 3 |  4- 6 || total
-------------------------+-------+-------++-------
Melee: Hand axe          |   104 |    17 ||   121
       Kick              |    15 |     4 ||    19
Invok: Berserk           |     3 |     1 ||     4
  Eat: Chunk             |     2 |     1 ||     3
Armor: Animal skin       |    33 |       ||    33
       Ring mail         |    14 |    14 ||    28
Dodge: Dodged            |    49 |    20 ||    69
